Map: Stranded Isles

Players

EdgarTurbo - Winner!

  • Race: Protoss Protoss
  • League: Platinum
  • Spawn Location: 6:00

DaSupervisor - Winner!

  • Race: Zerg Zerg
  • League: Diamond
  • Spawn Location: 3:00

OGRESCLUB - Winner!

  • Race: Protoss Protoss
  • Spawn Location: 6:00

LitosMan

  • Race: Protoss Protoss
  • Spawn Location: 12:00

kikets

  • Race: Protoss Protoss
  • Spawn Location: 9:00

CaballoLoco

  • Race: Terran Terran
  • Spawn Location: 12:00

VOD

Have the link to the VOD?

Description

Time

  • Played on: Feb. 10, 2019, 12:11 p.m.
  • Length: 12:05
Show
View Real Time Build Order
Export as new Build Order

EdgarTurbo Protoss - Winner!

Build Orders:  

Get SALT Encoding   

  12  0:01  Probe  
  13  0:13  Probe  
  14  0:20  Pylon  
  14  0:28  Probe  
  15  0:36  Probe  
  16  0:44  Gateway, Probe  
  16  0:47  Assimilator  
  17  0:56  Probe  
  18  1:05  Assimilator  
  18  1:06  Probe  
  19  1:14  Probe  
  20  1:19  Pylon  
  20  1:22  Probe  
  20  1:32  Cybernetics Core  
  21  1:42  Gateway  
  21  1:48  Probe  
  22  1:59  Warp Gate  
  22  2:00  Probe  
  23  2:18  Nexus  
  23  2:20  Stalker  
  25  2:34  Stalker  
  27  2:58  Stalker  
  29  3:08  Probe  
  30  3:18  Gateway  
  30  3:20  Gateway  
  30  3:38  Probe x2  
  32  3:50  Probe  
  31  4:18  Pylon  
  31  4:19  Probe x2  
  31  4:20  Pylon  
  33  4:29  Gateway  
  33  4:31  Gateway, Probe x2  
  34  4:34  Gateway  
  34  4:36  Gateway, Stalker x2  
  34  4:37  Stalker  
  41  4:41  Stalker  
  43  5:05  Probe x2  
  45  5:07  Stalker  
  45  5:08  Stalker x2  
  45  5:09  Stalker  
  53  5:17  Probe  
  53  5:19  Forge  
  53  5:20  Probe  
  55  5:29  Probe  
  55  5:31  Probe  
  55  5:33  Twilight Council  
  55  5:34  Protoss Ground Weapons Level 1  
  57  5:37  Probe  
  57  5:39  Probe  
  58  5:45  Probe  
  58  5:47  Probe  
  60  5:56  Probe  
  61  6:03  Forge  
  62  6:05  Pylon  
  62  6:08  Pylon  
  62  6:15  Pylon  
  62  6:23  Probe x2  
  64  6:26  Blink  
  64  6:29  Protoss Ground Armor Level 1  
  64  6:42  Nexus  
  64  6:44  Pylon  
  64  6:46  Pylon  
  64  6:47  Stalker x2  
  66  6:48  Stalker x2  
  66  6:51  Stalker  
  74  7:05  Gateway  
  74  7:10  Gateway  
  74  7:14  Templar Archives  
  74  7:18  Probe  
  74  7:19  Probe  
  76  7:25  Pylon  
  76  7:27  Gateway  
  76  7:29  Gateway  
  76  7:32  Gateway  
  76  7:36  Gateway  
  76  7:46  Stalker x2  
  76  7:47  Stalker x2  
  84  7:57  Probe x2  
  86  8:00  Protoss Ground Weapons Level 2  
  86  8:12  Pylon  
  86  8:13  Pylon  
  86  8:17  Pylon  
  86  8:19  Protoss Ground Armor Level 2  
  86  8:32  Stalker x2  
  86  8:33  Stalker x4  
  98  8:59  Probe x3  
  101  9:03  Stalker  
  101  9:04  Stalker x3  
  109  9:11  Probe  
  109  9:13  Assimilator  
  110  9:17  Assimilator x2  
  110  9:18  Pylon  
  110  9:21  Assimilator  
  78  9:57  Stalker x5  
  88  10:16  Probe x3  
  91  10:23  Stalker  
  91  10:24  Stalker x5  
  91  10:28  Probe x2  
  103  11:04  Stalker x9  
  105  11:05  Stalker x4  
  129  11:32  Stalker x3  
  131  11:33  Stalker x6  
Show
View Real Time Build Order
Export as new Build Order

DaSupervisor Zerg - Winner!

Build Orders: Hatch First 

Get SALT Encoding   

  12  0:01  Drone  
  13  0:12  Overlord  
  13  0:18  Drone  
  14  0:31  Drone x2  
  14  0:35  Drone  
  17  0:48  Drone  
  18  0:58  Hatchery  
  18  1:01  Drone  
  18  1:08  Extractor  
  17  1:16  Spawning Pool  
  16  1:20  Drone  
  17  1:34  Drone x2  
  17  1:39  Overlord  
  19  2:05  Zergling x2, Queen  
  19  2:07  Zergling x2  
  23  2:11  Drone x2  
  25  2:21  Roach Warren  
  24  2:30  Spine Crawler  
  23  2:41  Drone, Queen  
  26  2:49  Spine Crawler  
  25  2:52  Zergling x2  
  24  3:15  Roach  
  24  3:16  Roach x2  
  29  3:34  Overlord x3  
  27  3:45  Ravager  
  26  3:50  Queen  
  26  3:52  Roach  
  26  4:13  Roach x2  
  30  4:19  Roach  
  32  4:25  Hatchery  
  31  4:34  Ravager  
  32  4:43  Drone x2  
  34  4:47  Lair  
  32  5:03  Drone x2  
  34  5:17  Roach  
  34  5:18  Roach  
  34  5:20  Drone x2  
  40  5:32  Roach, Evolution Chamber  
  41  5:36  Hatchery  
  40  5:55  Ravager  
  41  5:59  Zerg Missile Weapons Level 1  
  41  6:02  Zergling x2  
  41  6:03  Zergling x4  
  44  6:12  Extractor, Drone x3  
  46  6:19  Glial Reconstitution  
  46  6:21  Queen  
  48  6:40  Overlord x2  
  48  6:52  Zergling x4  
  50  6:54  Drone  
  50  6:55  Drone x3  
  50  6:56  Queen  
  56  7:18  Drone x3  
  56  7:19  Drone x5  
  64  7:25  Queen  
  70  7:37  Roach x4  
  70  7:43  Drone  
  75  7:45  Drone  
  76  7:54  Zerg Missile Weapons Level 2  
  76  8:04  Roach x2  
  76  8:05  Roach  
  82  8:06  Overlord  
  82  8:07  Overlord  
  82  8:34  Roach x2  
  82  8:35  Roach x3  
  82  8:38  Metabolic Boost  
  82  8:40  Drone  
  82  8:41  Drone x5  
  97  8:45  Extractor  
  97  8:48  Extractor  
  96  8:52  Drone x2  
  98  8:59  Overlord x4  
  98  9:04  Overseer  
  98  9:30  Roach  
  98  9:31  Roach x4  
  86  9:46  Roach  
  86  9:47  Roach x12  
  86  9:48  Roach  
  107  10:04  Zergling x2  
  107  10:05  Zergling x8  
  112  10:12  Drone x3  
  112  10:13  Drone x3  
  118  10:19  Hatchery  
  117  10:22  Hatchery  
  116  10:32  Roach  
  116  10:33  Roach x4  
  116  10:34  Roach  
  128  10:37  Ravager  
  119  10:55  Roach x5  
  129  11:07  Extractor  
  129  11:10  Extractor  
  127  11:14  Overlord  
  127  11:15  Overlord x5  
Show
View Real Time Build Order
Export as new Build Order

OGRESCLUB Protoss - Winner!

Build Orders:  

Get SALT Encoding   

  12  0:03  Probe  
  13  0:15  Pylon  
  13  0:18  Probe  
  14  0:31  Probe  
  15  0:37  Gateway  
  15  0:43  Probe  
  15  0:49  Assimilator  
  16  0:51  Probe  
  17  0:59  Probe  
  18  1:21  Probe  
  19  1:33  Probe  
  20  1:45  Probe  
  20  1:47  Nexus  
  21  1:55  Cybernetics Core  
  21  1:58  Probe  
  22  2:11  Assimilator  
  22  2:42  Stargate  
  22  3:01  Probe  
  23  3:09  Probe  
  23  3:11  Assimilator  
  23  3:15  Assimilator  
  23  3:18  Probe  
  24  3:22  Probe  
  24  3:26  Void Ray  
  30  3:30  Probe  
  31  3:43  Probe  
  32  3:53  Stargate, Probe  
  33  4:01  Probe  
  33  4:09  Probe  
  34  4:13  Pylon  
  34  4:15  Pylon  
  35  4:17  Pylon, Probe  
  35  4:19  Pylon  
  35  4:21  Void Ray, Pylon, Probe  
  37  4:29  Probe  
  42  4:32  Void Ray  
  42  4:33  Probe  
  43  4:45  Probe  
  48  4:55  Probe  
  48  4:57  Probe  
  50  5:09  Probe  
  51  5:16  Stargate  
  51  5:19  Stargate  
  51  5:20  Probe  
  52  5:29  Probe  
  52  5:34  Void Ray  
  52  5:35  Void Ray  
  53  5:37  Probe  
  53  5:48  Probe  
  62  6:00  Probe  
  63  6:12  Probe  
  64  6:23  Void Ray  
  64  6:24  Probe  
  65  6:31  Void Ray  
  73  6:33  Void Ray  
  73  6:36  Probe  
  78  6:41  Pylon  
  78  6:43  Pylon  
  78  6:45  Pylon  
  78  6:46  Pylon  
  78  6:48  Pylon  
  78  6:49  Pylon  
  78  6:59  Void Ray  
  82  7:05  Void Ray  
  86  7:16  Void Ray  
  90  7:36  Void Ray  
  94  7:43  Void Ray  
  94  7:54  Void Ray  
  102  8:09  Void Ray  
  106  8:16  Pylon  
  106  8:17  Pylon  
  106  8:21  Pylon  
  106  8:23  Pylon  
  106  8:26  Pylon  
  105  8:49  Void Ray  
  105  8:51  Void Ray  
  105  8:56  Probe  
  105  8:59  Nexus, Void Ray  
  105  9:02  Void Ray  
  122  9:32  Void Ray  
  126  9:43  Void Ray  
  130  9:57  Pylon  
  130  9:59  Pylon  
  130  10:01  Pylon  
  130  10:04  Pylon  
  130  10:06  Pylon  
  130  10:07  Void Ray x2  
  130  10:08  Pylon  
  130  10:10  Pylon  
  130  10:13  Pylon, Probe  
  139  10:22  Probe  
  139  10:26  Assimilator  
  140  10:29  Assimilator  
  140  10:31  Probe  
  141  10:43  Probe  
  141  10:48  Void Ray x2  
  142  10:52  Stargate  
  142  10:55  Probe  
Show
View Real Time Build Order
Export as new Build Order

LitosMan Protoss 

Build Orders:  

Get SALT Encoding   

  12  0:03  Probe  
  13  0:25  Pylon  
  13  0:29  Probe  
  14  0:41  Probe  
  15  0:47  Forge  
  15  0:53  Probe  
  16  1:05  Probe  
  17  1:13  Pylon  
  17  1:32  Photon Cannon  
  17  1:33  Photon Cannon  
  17  1:47  Pylon  
  17  2:07  Photon Cannon  
  17  2:09  Photon Cannon  
  17  2:22  Pylon  
  17  2:33  Pylon  
  17  2:38  Assimilator  
  17  2:43  Assimilator  
  17  2:49  Nexus  
  17  2:51  Assimilator  
  17  2:55  Assimilator  
  17  3:22  Photon Cannon  
  17  3:28  Photon Cannon  
  17  3:30  Probe  
  17  3:34  Pylon  
  18  3:37  Pylon  
  18  3:38  Pylon  
  18  4:05  Probe  
  18  4:06  Gateway  
  19  4:13  Probe  
  19  4:20  Probe  
  19  4:23  Probe  
  22  4:31  Photon Cannon  
  22  4:35  Probe  
  23  4:40  Probe  
  23  4:41  Pylon  
  24  4:47  Probe  
  24  4:48  Probe  
  26  4:54  Cybernetics Core  
  26  4:59  Probe  
  27  5:07  Probe  
  27  5:09  Probe  
  27  5:12  Photon Cannon  
  29  5:15  Probe  
  30  5:44  Stargate  
  30  5:45  Stargate, Probe  
  31  5:50  Protoss Air Weapons Level 1  
  31  5:55  Pylon  
  31  5:57  Probe  
  31  5:58  Pylon  
  31  6:01  Probe  
  33  6:06  Probe  
  34  6:13  Probe  
  34  6:14  Probe  
  36  6:24  Probe  
  36  6:29  Twilight Council, Void Ray  
  41  6:36  Probe  
  41  6:39  Cybernetics Core  
  42  6:48  Probe  
  43  6:58  Probe  
  44  7:02  Robotics Facility  
  44  7:06  Pylon, Probe  
  44  7:08  Pylon  
  44  7:14  Probe  
  45  7:18  Void Ray  
  50  7:23  Protoss Air Armor Level 1  
  50  7:26  Probe  
  51  7:38  Probe  
  52  7:47  Protoss Shields Level 1  
  52  7:51  Observer  
  53  7:54  Void Ray  
  57  8:12  Observer  
  58  8:30  Void Ray  
  58  8:34  Observer  
  62  8:36  Void Ray  
  62  8:41  Stargate  
  66  8:42  Stargate  
  66  8:54  Photon Cannon  
  66  8:55  Observer  
  67  8:57  Photon Cannon x2  
  67  9:00  Pylon  
  67  9:02  Pylon  
  67  9:13  Void Ray  
  67  9:16  Observer  
  72  9:37  Void Ray x3  
  64  10:11  Photon Cannon  
  64  10:12  Void Ray, Photon Cannon  
  64  10:13  Photon Cannon  
  68  10:20  Void Ray  
  72  10:40  Void Ray  
  72  10:41  Void Ray  
  80  11:09  Void Ray  
  84  11:26  Fleet Beacon  
Show
View Real Time Build Order
Export as new Build Order

kikets Protoss 

Build Orders:  

Get SALT Encoding   

  12  0:03  Probe  
  13  0:17  Probe  
  13  0:18  Pylon  
  14  0:34  Probe  
  15  0:45  Forge  
  15  0:46  Probe  
  16  0:59  Probe  
  17  1:11  Probe  
  18  1:16  Gateway  
  18  1:27  Pylon  
  18  1:39  Probe  
  19  1:48  Probe  
  19  1:49  Pylon  
  19  1:53  Photon Cannon  
  20  1:57  Probe  
  21  2:05  Probe  
  21  2:09  Assimilator  
  21  2:13  Probe  
  21  2:14  Photon Cannon  
  23  2:24  Assimilator  
  23  2:28  Cybernetics Core  
  23  2:35  Pylon  
  23  3:00  Photon Cannon  
  23  3:05  Pylon  
  23  3:17  Photon Cannon  
  23  3:36  Nexus, Photon Cannon  
  23  3:38  Photon Cannon  
  22  4:15  Pylon  
  22  4:19  Pylon  
  22  4:33  Probe  
  23  4:41  Probe  
  24  4:50  Gateway, Probe  
  24  4:52  Gateway  
  24  4:54  Gateway  
  25  5:04  Probe  
  26  5:09  Probe  
  26  5:13  Probe  
  27  5:17  Probe  
  27  5:21  Probe  
  28  5:26  Robotics Facility  
  28  5:27  Forge, Probe  
  30  5:28  Protoss Ground Armor Level 1  
  30  5:31  Probe  
  32  5:44  Assimilator  
  32  5:47  Assimilator  
  32  5:58  Stalker  
  32  5:59  Stalker  
  32  6:00  Stalker  
  32  6:01  Stalker  
  40  6:06  Protoss Ground Weapons Level 1  
  40  6:24  Probe  
  40  6:32  Probe  
  41  6:37  Robotics Facility  
  42  6:40  Probe  
  43  6:48  Probe  
  44  6:56  Stalker  
  44  6:57  Stalker x2  
  50  7:06  Observer  
  51  7:11  Stalker  
  51  7:15  Probe  
  54  7:23  Probe  
  55  7:32  Probe  
  55  7:35  Gateway  
  56  7:37  Gateway  
  56  7:40  Gateway  
  56  7:49  Probe  
  57  8:01  Probe  
  58  8:13  Probe  
  59  8:25  Nexus, Probe  
  60  8:27  Stalker  
  62  8:38  Pylon  
  62  8:40  Pylon  
  62  8:43  Pylon  
  62  8:50  Assimilator  
  62  8:53  Probe  
  62  8:54  Assimilator  
  62  8:56  Stalker x3  
  62  8:58  Stalker x2  
  62  8:59  Pylon  
  73  9:02  Pylon  
  73  9:05  Pylon  
  73  9:06  Probe  
  73  9:07  Twilight Council  
  74  9:18  Probe  
  73  9:30  Probe  
  58  9:42  Probe  
  58  9:43  Stalker  
  58  9:44  Stalker x4  
  58  9:45  Stalker  
  70  10:15  Stalker x4  
  70  10:16  Stalker x2  
Show
View Real Time Build Order
Export as new Build Order

CaballoLoco Terran 

Build Orders:  

Get SALT Encoding   

  12  0:09  SCV  
  13  0:28  SCV  
  13  0:29  Supply Depot  
  14  0:40  SCV  
  15  1:15  Supply Depot  
  15  1:23  SCV  
  15  1:24  Barracks  
  16  1:27  Refinery  
  16  1:44  Command Center, Supply Depot  
  16  1:48  SCV  
  17  2:01  Barracks  
  17  2:02  SCV  
  18  2:14  SCV  
  19  2:17  Marine  
  20  2:26  SCV  
  21  2:36  Refinery  
  21  2:37  Marine  
  21  2:41  SCV  
  23  2:53  Barracks Reactor, SCV  
  23  2:54  Marine  
  25  3:00  Engineering Bay  
  25  3:07  Refinery  
  25  3:11  Orbital Command  
  25  3:12  Marine  
  26  3:23  SCV  
  27  3:30  Marine  
  28  3:35  SCV  
  28  3:36  Factory  
  29  3:47  SCV  
  30  3:54  Barracks Tech Lab  
  30  3:59  Marine x2  
  32  4:07  Planetary Fortress  
  32  4:14  Combat Shield  
  34  4:17  Marauder  
  34  4:18  Marine x2  
  36  4:24  Refinery  
  36  4:36  Marine x2  
  36  4:37  Starport  
  40  4:38  Marauder  
  40  4:43  SCV  
  41  4:50  Missile Turret  
  41  4:55  Missile Turret, SCV  
  42  5:02  Marauder  
  42  5:05  Marine  
  42  5:07  Marine  
  45  5:08  SCV  
  47  5:20  SCV  
  48  5:23  Supply Depot  
  48  5:32  SCV  
  49  5:36  Marauder  
  49  5:38  Starport Reactor  
  49  5:40  Marine x2  
  53  5:44  SCV  
  54  5:57  Marauder  
  54  5:58  Marine  
  54  6:00  Barracks  
  57  6:06  Supply Depot  
  57  6:19  SCV  
  57  6:24  Marauder  
  57  6:25  Marine x2  
  62  6:26  Sensor Tower  
  62  6:27  Medivac  
  62  6:31  SCV  
  62  6:32  Medivac  
  67  6:41  Supply Depot  
  67  6:43  SCV  
  67  6:46  Marauder  
  70  6:57  Sensor Tower  
  70  7:02  Medivac, Barracks Reactor  
  72  7:13  Supply Depot  
  72  7:16  Supply Depot  
  72  7:20  Marine x2  
  74  7:31  Medivac  
  74  7:35  Stimpack  
  76  7:40  Terran Infantry Armor Level 1  
  76  7:53  Engineering Bay  
  76  8:18  Command Center  
  78  8:34  Marauder  
  78  8:37  Marine  
  79  8:49  Factory Tech Lab  
  79  8:53  Terran Infantry Weapons Level 1  
  81  8:56  Marauder  
  81  8:58  Marine x2  
  81  8:59  Marine x2  
  86  9:17  Marauder  
  41  10:04  Marine x4  
  39  10:10  Marauder  
  41  10:14  Medivac  
  43  10:22  Marine x4  
  47  10:31  Marauder  
  49  10:39  Marine  
  49  10:40  Marine x3, Siege Tank  
  56  10:53  Marauder  
  58  10:57  Marine  
  58  10:58  Marine x3  
  62  11:12  Siege Tank  
  62  11:14  Marauder  
  62  11:15  Marine  
  62  11:16  Marine  
Tags
 
Add a new tag
Caveats
  • Supply blocks, unpowered buildings, or Contaminate may cause inaccurate times.
  • Supply counts are checked every 10 seconds.